 Dungeon Crawl Stone Soup version 0.20.1-1-g8b1a95d (webtiles) character file.

126 Irenicus the Insei (level 5, -2/32 HPs)
             Began as an Octopode Chaos Knight on Oct 17, 2017.
             Slain by a gnoll
             ... wielding a +0 halberd
              (3 damage)
             ... on level 3 of the Dungeon.
             The game lasted 00:04:15 (2001 turns).

Irenicus the Insei (Octopode Chaos Knight)          Turns: 2001, Time: 00:04:18

Health: -2/32      AC:  1    Str: 16    XL:     5   Next: 10%
Magic:  5/5        EV: 13    Int: 14    God:    Xom [.*....]
Gold:   131        SH:  0    Dex: 10    Spells: 4/4 levels left

rFire    . . .     SeeInvis .     - Unarmed
rCold    . . .     Gourm    .   (no shield)
rNeg     . . .     Faith    .   (helmet restricted)
rPois    .         Spirit   .   (no amulet)
rElec    .         Reflect  .   c - ring of protection from magic
rCorr    +         Harm     .   d - ring of teleportation (curse)
MR       +....     Rnd*Tele +   l - ring of flight
Stlth    ++........             q - ring of resist corrosion
Regen    0.1/turn               t - +4 ring of strength
MPRegen  0.1/turn               (no ring)
                                (no ring)
                                (no ring)

@: about to teleport
A: almost no armour, stealthy swim, amphibious, 8 rings, constrict 8, tentacle
spike 1, camouflage 1, blurry vision 1, clumsy 1, deterioration 1, frail 1,
gelatinous body 1
a: Renounce Religion, Evoke Flight


You were on level 3 of the Dungeon.
You worshipped Xom.
You were a plaything of Xom.
You were not hungry.

You visited 1 branch of the dungeon, and saw 3 of its levels.

You collected 131 gold pieces.

Inventory:

Magical Staves
 u - an uncursed staff of summoning
Jewellery
 c - a ring of protection from magic (left tentacle)
 d - a cursed ring of teleportation (right tentacle)
 l - a ring of flight (on tentacle)
 q - a ring of resist corrosion (on tentacle)
 t - a +4 ring of strength (on tentacle)
Scrolls
 f - 3 scrolls of teleportation
 g - 8 scrolls of identify {unknown}
 i - a scroll of fog {unknown}
 j - 2 scrolls of remove curse {unknown}
 n - 2 scrolls of enchant weapon {unknown}
 o - a scroll of immolation {unknown}
 p - a scroll of enchant armour {unknown}
 x - a scroll of blinking {unknown}
Potions
 b - a potion of agility {unknown}
 e - a potion of curing
 k - a potion of degeneration {unknown}
 m - 2 potions of magic {unknown}
 r - a potion of heal wounds {unknown}
 w - a potion of mutation {unknown}
Comestibles
 a - 2 bread rations
 h - 2 royal jellies
 s - a meat ration
 v - 6 fruits


   Skills:
 - Level 3.0 Fighting
 - Level 2.3 Dodging
 + Level 5.6 Unarmed Combat


You had 4 spell levels left.
You didn't know any spells.

Dungeon Overview and Level Annotations

Branches:
Dungeon (3/15)

Altars:
Qazlal
Xom

Annotations:
D:3 Schiappus's ghost, amateur TrBe


Innate Abilities, Weirdness & Mutations

You cannot wear most types of armour.
You are very stealthy in the water. (Stealth+)
You are amphibious.
You can wear up to eight rings at the same time.
You can use your tentacles to constrict eight enemies at once.
Your skin changes colour to match your surroundings (Stealth+).
Your rubbery body absorbs attacks. (AC +1, EV +1)
One of your tentacles bears a spike.
Scrolls take you a little longer to read.
You are clumsy. (Dex -2)
Your body sometimes deteriorates upon taking damage.
You are frail. (-10% HP)


Message History

* * * LOW HITPOINT WARNING * * *
You aren't carrying any items that you can evoke.
Unknown command.
You aren't carrying any items that you can evoke.
Put on which piece of jewellery? (? for menu, Esc to quit)
Okay, then.
Really read with blurry vision while enemies are nearby?
You begin reading the scroll.
You continue reading the scroll.
The gnoll closely misses you. The gnoll shaman closely misses you.
As you read the scroll labeled MEWAYBR EBAPA, it crumbles to dust.
You feel strangely unstable.
It was a scroll of teleportation.
Xom is amused.
Unknown command.
It was a potion of curing.
You feel better.
Xom is amused.
The gnoll shaman hits you with a whip!
* * * LOW HITPOINT WARNING * * *
The gnoll hits you from afar with a halberd.
You die...
Xom thinks this is hilarious!

####### #(.....
#(##### ### #.# ## ..#
#(# #. #.# #####.####.
#.##########.....(....
#g.gg@................
#)##########(###.###..
#.# #.# #.####. .g#
#.# #...... #.# #.#
####### #. #.# # #.#
#.# #.#


You could see a gnoll shaman and 2 gnolls.

Vanquished Creatures
  An orc wizard (D:3)
  2 gnolls (D:3)
  3 adders
  An ooze (D:1)
  A dart slug (D:1)
  A leopard gecko (D:1)
  4 orcs (D:3)
  3 giant cockroaches
  5 goblins
  3 hobgoblins
  3 jackals (D:1)
  4 kobolds
  A quokka (D:2)
  6 bats
  2 frilled lizards
  6 rats
46 creatures vanquished.

Vanquished Creatures (others)
  A worm (D:2)
1 creature vanquished.

Grand Total: 47 creatures vanquished

Notes
Turn   | Place    | Note
-------+----------+-------------------------------------------
     0 | D:1      | Irenicus the Octopode Chaos Knight began the quest for the Orb.
     0 | D:1      | Reached XP level 1. HP: 16/16 MP: 1/1
     6 | D:1      | XOM: divination: detect creatures
   222 | D:1      | Reached XP level 2. HP: 14/21 MP: 2/2
   346 | D:1      | XOM is BORED!
   346 | D:1      | XOM: give mutation
   346 | D:1      | Gained mutation: Your body sometimes deteriorates upon taking damage. [Xom's mischief]
   391 | D:1      | XOM: 4-stop teleportation journey
   517 | D:1      | Reached skill level 4 in Unarmed Combat
   533 | D:1      | XOM: scenery: create altars
   696 | D:2      | XOM: noise
   706 | D:2      | Reached XP level 3. HP: 26/26 MP: 3/3
   807 | D:2      | Found a stormy altar of Qazlal.
   839 | D:2      | XOM: divination: detect creatures
   900 | D:2      | XOM: give mutations
   900 | D:2      | Gained mutation: You are frail. (-10% HP) [Xom's mischief]
   900 | D:2      | Gained mutation: You are clumsy. (Dex -2) [Xom's mischief]
   900 | D:2      | Gained mutation: Scrolls take you a little longer to read. [Xom's mischief]
   900 | D:2      | Gained mutation: One of your tentacles bears a spike. [Xom's mischief]
   967 | D:2      | XOM: butterfly on damage
  1160 | D:3      | Reached XP level 4. HP: 21/27 MP: 4/4
  1291 | D:3      | Noticed Schiappus's ghost (amateur TrBe)
  1291 | D:3      | XOM: enchant monster (bad)
  1350 | D:2      | XOM: medium Fire miscast
  1560 | D:3      | Reached skill level 5 in Unarmed Combat
  1684 | D:3      | XOM: harmless Summ miscast
  1989 | D:3      | XOM: mild Chrm miscast
  1991 | D:3      | Reached XP level 5. HP: 32/32 MP: 5/5
  2001 | D:3      | HP: 1/32 [gnoll shaman/whip (12)]
  2001 | D:3      | Slain by a gnoll

Skill      XL: |  1  2  3  4 |
---------------+-------------+-----
Unarmed Combat | 4 5 |  5.6
Fighting       | |  3.0
Dodging        | |  2.3

Action                   |  1- 3 |  4- 6 || total
-------------------------+-------+-------++-------
Melee: Unarmed           |    68 |    42 ||   110
       Constrict         |    18 |    11 ||    29
       Tentacles         |     9 |     5 ||    14
       Punch             |     2 |     2 ||     4
       Kick              |     4 |    11 ||    15
  Use: Scroll            |       |     1 ||     1
       Potion            |       |     1 ||     1
 Stab: Sleeping          |     5 |     1 ||     6
  Eat: Chunk             |       |     3 ||     3
Armor: Skin              |       |     1 ||     1
Dodge: Dodged            |    43 |    24 ||    67
